 Dungeon Crawl Stone Soup version 0.28.0-47-ge53b351184 (webtiles) character file.

Game seed: 9929385739794891543

1731 Ijustatesigmund the Conjurer (level 9, -1/91 (97) HPs)
             Began as a Gnoll Conjurer on May 6, 2022.
             Succumbed to a water moccasin's poison
             ... on level 5 of the Dungeon.
             The game lasted 00:20:28 (8127 turns).

Ijustatesigmund the Conjurer (Gnoll Conjurer)       Turns: 8127, Time: 00:20:29

HP:   -1/91 (97)    AC:  6    Str:  7    XL:     9   Next: 5%
MP:   13/18         EV: 13    Int: 22    God:
Gold: 335           SH:  0    Dex: 10    Spells: 17/20 levels left

rFire   . . .      SeeInvis .   y - +1 dire flail (vorpal)
rCold   . . .      Faith    .   (shield currently unavailable)
rNeg    . . .      Spirit   .   a - +0 leather armour
rPois   .          Reflect  .   (no helmet)
rElec   .          Harm     .   D - scarf {+Inv}
rCorr   .          Rampage  .   l - +0 pair of gloves
Will    .....                   c - +1 pair of boots
Stlth   ..........              p - amulet of regeneration
HPRegen 1.05/turn               (no ring)
MPRegen 0.16/turn               (no ring)

@: berserking, lethally poisoned (-1 -> -9), drained, very quick
A: fangs 1, strong nose, distributed training
a: Evoke Invisibility


You were on level 5 of the Dungeon.
You visited 1 branch of the dungeon, and saw 6 of its levels.
You also visited: Ossuary.

You collected 335 gold pieces.

Inventory:

Hand Weapons
 b - the +2 whip "Legimp" {flame, rElec rF+}
   (You found it on level 5 of the Dungeon)

   It burns those it strikes, dealing additional fire damage.
   rF:        It protects you from fire.
   rElec:     It insulates you from electricity.
 f - a +4 dagger
 y - a +1 vorpal dire flail (weapon)
Armour
 a - a +0 leather armour (worn)
 c - a +1 pair of boots (worn)
 l - a +0 pair of gloves (worn)
 D - a scarf of invisibility (worn)
Jewellery
 p - an amulet of regeneration (around neck)
Wands
 i - a wand of digging (6)
 n - a wand of iceblast (1)
 u - a wand of polymorph (2)
 E - a wand of mindburst (14)
Scrolls
 m - 3 scrolls of fog
 o - a scroll of blinking
 v - 3 scrolls of teleportation
 B - a scroll of amnesia
 C - a scroll of holy word {unknown}
Potions
 d - a potion of magic
 g - 6 potions of brilliance
 h - 3 potions of mutation
 j - a potion of curing
 k - 2 potions of haste
 q - a potion of might
 r - 2 potions of invisibility
 s - a potion of flight {unknown}
 t - a potion of lignification {unknown}
 w - 2 potions of degeneration {unknown}
 x - a potion of resistance {unknown}
 z - a potion of heal wounds {unknown}
 A - 3 potions of attraction {unknown}


   Skills:
 + Level 3.8 Fighting
 + Level 3.8 Short Blades
 + Level 3.8 Long Blades
 + Level 3.8 Axes
 + Level 3.8 Maces & Flails
 + Level 3.8 Polearms
 + Level 3.8 Staves
 + Level 3.8 Slings
 + Level 3.8 Bows
 + Level 3.8 Crossbows
 + Level 3.8 Throwing
 + Level 3.8 Armour
 + Level 6.0 Dodging
 + Level 5.7 Stealth
 + Level 3.8 Shields
 + Level 3.8 Unarmed Combat
 + Level 6.3 Spellcasting
 + Level 7.8 Conjurations
 + Level 3.1 Hexes
 + Level 3.1 Summonings
 + Level 3.1 Necromancy
 + Level 3.1 Translocations
 + Level 3.1 Transmutations
 + Level 3.1 Fire Magic
 + Level 3.1 Ice Magic
 + Level 3.1 Air Magic
 + Level 3.1 Earth Magic
 + Level 3.1 Poison Magic
 + Level 4.2 Invocations
 + Level 3.8 Evocations


You had 17 spell levels left.
You knew the following spells:

 Your Spells              Type           Power      Damage    Failure   Level
a - Magic Dart            Conj           100%       1d8       1%          1
b - Searing Ray           Conj           82%        2d7       1%          2

Your spell library contained the following spells:

 Spells                   Type           Power      Damage    Failure   Level
 Shock                    Conj/Air       100%       1d9       1%          1
 Animate Skeleton         Necr           40%        N/A       3%          1
 Apportation              Tloc           40%        N/A       3%          1
 Summon Small Mammal      Summ           80%        N/A       3%          1
 Dazzling Flash           Conj/Hex       62%        N/A       4%          3
 Swiftness                Air            20%        N/A       11%         3
 Tukima's Dance           Hex            20%        N/A       11%         3
 Fulminant Prism          Conj/Hex       15%        3d11      13%         4
 Iskenderun's Mystic Bla  Conj/Tloc      31%        2d8       13%         4
 Airstrike                Air            10%        N/A       34%         4
 Anguish                  Hex/Necr       10%        N/A       34%         4
 Enfeeble                 Hex            10%        N/A       100%        7


Dungeon Overview and Level Annotations

Branches:
Dungeon (6/15)            Ossuary (visited)
 Temple: D:4-7

Altars:
Makhleb
Qazlal
The Shining One

Shops:
D:1 !


Innate Abilities, Weirdness & Mutations

You have very sharp teeth.
Your uncanny sense of smell can sniff out nearby items.
Your experience applies equally to all skills.


Message History

The wight is severely damaged.
Your life force feels restored.
The searing ray hits the wight!
The wight is severely damaged.
The searing ray misses the wight.
You finish channelling your searing ray.
The water moccasin bites you.
You are poisoned.
The water moccasin poisons you!
The wight hits you with a +1 morningstar!
You feel drained. The wight barely misses you.
The water moccasin barely misses you.
You feel very sick.
The wight hits you with a +1 morningstar.
The water moccasin closely misses you.
You climb upwards.
You feel sick.
There is a stone staircase leading down here.
A red film seems to cover your vision as you go berserk!
You feel yourself moving faster!
You feel mighty!
You feel sick. The water moccasin bites you.
You are more poisoned.
The water moccasin poisons you!
The wight hits you with a +1 morningstar.
The wight hits you with a +3 mace!
* * * LOW HITPOINT WARNING * * *
You feel drained.
* * * LOW HITPOINT WARNING * * *
You puncture the wight!
You destroy the wight!
You feel very sick. The water moccasin bites you!
* * * LOW HITPOINT WARNING * * *
The wight hits you with a +3 mace!
* * * LOW HITPOINT WARNING * * *
You feel drained.
* * * LOW HITPOINT WARNING * * *
The water moccasin barely misses you.
You barely miss the wight.
The wight is severely damaged.
You die...

# ## ##. ##.#
######### ##.##
#.)..)..######.##
#@.####[#.......##
#Sz####.#)######.#
#..#.......# #..
#..#.##.#.## ##.
#..#.##.### ##
#.......# #
####.#### ########
#...# #<....##
####.####.....##


You could see a water moccasin and a wight.

Vanquished Creatures
  Edmund (D:4)
  A black bear (D:4)
  An ice beast (D:4)
  2 ogres
  A centaur (D:6)
  A phantom (D:5)
  A scorpion (D:4)
  A water moccasin skeleton (D:5)
  7 wights
  A bullfrog zombie (D:5)
  An orc priest (D:3)
  A hound (D:4)
  An iguana (D:4)
  2 jellies
  A bullfrog skeleton (D:4)
  Ijyb (D:3)
  A scorpion zombie (D:5)
  8 mummies (Ossuary)
  Robin (D:3)
  11 gnolls
  12 adders
  An adder skeleton (D:4)
  4 worms
  4 dart slugs
  10 orcs
  11 endoplasms
  A giant cockroach (D:2)
  14 goblins
  9 hobgoblins
  2 jackals (D:2)
  7 kobolds
  4 quokkas
  6 ball pythons
  9 bats
  6 frilled lizards
  4 hobgoblin zombies (Ossuary)
  A kobold zombie (Ossuary)
  3 orc zombies (Ossuary)
  6 rats
159 creatures vanquished.

Vanquished Creatures (others)
  7 plants (D:3)
7 creatures vanquished.

Grand Total: 166 creatures vanquished

Notes
Turn   | Place    | Note
-------+----------+-------------------------------------------
     0 | D:1      | Ijustatesigmund the Gnoll Conjurer began the quest for the
                  | Orb.
     0 | D:1      | Reached XP level 1. HP: 13/13 MP: 6/6
    16 | D:1      | Found Osmud's Distillery.
   250 | D:1      | Reached XP level 2. HP: 19/19 MP: 4/7
   253 | D:1      | Learned a level 2 spell: Searing Ray
   606 | D:1      | Reached XP level 3. HP: 25/25 MP: 7/9
   650 | D:1      | Reached skill level 5 in Spellcasting
  1167 | D:1      | Reached skill level 1 in Invocations
  1334 | D:2      | Reached skill level 1 in Fighting
  1334 | D:2      | Reached skill level 1 in Short Blades
  1334 | D:2      | Reached skill level 1 in Long Blades
  1334 | D:2      | Reached skill level 1 in Axes
  1334 | D:2      | Reached skill level 1 in Maces & Flails
  1334 | D:2      | Reached skill level 1 in Polearms
  1334 | D:2      | Reached skill level 1 in Staves
  1334 | D:2      | Reached skill level 1 in Slings
  1334 | D:2      | Reached skill level 1 in Bows
  1334 | D:2      | Reached skill level 1 in Crossbows
  1334 | D:2      | Reached skill level 1 in Throwing
  1334 | D:2      | Reached skill level 1 in Armour
  1334 | D:2      | Reached skill level 1 in Shields
  1334 | D:2      | Reached skill level 1 in Unarmed Combat
  1334 | D:2      | Reached skill level 1 in Evocations
  1417 | D:2      | Reached XP level 4. HP: 32/32 MP: 6/11
  1768 | D:2      | Reached skill level 1 in Hexes
  1768 | D:2      | Reached skill level 1 in Summonings
  1768 | D:2      | Reached skill level 1 in Necromancy
  1768 | D:2      | Reached skill level 1 in Translocations
  1768 | D:2      | Reached skill level 1 in Transmutations
  1768 | D:2      | Reached skill level 1 in Fire Magic
  1768 | D:2      | Reached skill level 1 in Ice Magic
  1768 | D:2      | Reached skill level 1 in Air Magic
  1768 | D:2      | Reached skill level 1 in Earth Magic
  1768 | D:2      | Reached skill level 1 in Poison Magic
  2255 | D:2      | Reached XP level 5. HP: 37/37 MP: 8/12
  3135 | D:3      | Found a burning altar of Makhleb.
  3239 | D:3      | Noticed Robin
  3246 | D:3      | Killed Robin
  3631 | D:3      | Reached XP level 6. HP: 44/44 MP: 13/13
  3739 | D:3      | Found a glowing golden altar of the Shining One.
  3825 | D:3      | Found a faded altar of an unknown god.
  4152 | D:3      | Noticed Ijyb
  4161 | D:3      | Reached skill level 5 in Dodging
  4166 | D:3      | Killed Ijyb
  4859 | D:4      | Noticed a black bear
  4867 | D:4      | Killed a black bear
  4868 | D:4      | Reached XP level 7. HP: 48/50 MP: 10/15
  4909 | D:4      | Found a sand-covered staircase.
  4924 | Ossuary  | Entered an ossuary
  5631 | D:4      | Reached skill level 5 in Stealth
  6279 | D:4      | Noticed Edmund
  6312 | D:5      | Entered Level 5 of the Dungeon
  6482 | D:4      | Reached XP level 8. HP: 45/57 MP: 0/16
  6845 | D:4      | Killed Edmund
  7268 | D:5      | Found a stormy altar of Qazlal.
  7648 | D:5      | Identified the +2 whip "Legimp" {flame, rElec rF+}
  7764 | D:5      | Identified the +10 hunting sling "Sarcophage" {freeze,
                  | Int+7}
  8036 | D:6      | Reached XP level 9. HP: 46/65 MP: 9/18
  8126 | D:5      | HP: 3/91 [wight/+3 mace (7)]
  8126 | D:5      | HP: 1/88 [wight/+3 mace (2)]
  8127 | D:5      | Succumbed to a water moccasin's poison

Illustrated notes

Levels and vault maps discovered:
D:1:      dpeg_arrival_leaves_temple_mockup, layout_basic, serial_shops,
          nicolae_shop_waterfront, minmay_hexomino_u4
D:2:      minmay_wonky_spiral, layout_basic
D:3:      layout_loops_corners, mainiacjoe_overflow_small_starburst,
          mainiacjoe_overflow_boulevard, hellmonk_ecumenical_altar_run_dry,
          hangedman_abyss_or_decor_stabs, uniq_ijyb, uniq_robin
D:4:      layout_basic, nicolae_ossuary_entry_false_entrances, uniq_edmund
D:5:      layout_loops_cross, nicolae_qazlal_scattered_showers
D:6:      layout_rooms, old_standard_altar, chequers_avenue,
          corexii_checkpoint_a, minmay_misc_feat_four_crosses

Skill      XL: |  1  2  3  4  5  6  7  8 |
---------------+-------------------------+-----
Spellcasting   | 5 6 |  6.3
Invocations    | 1 2 3 4 |  4.2
Fighting       | 1 2 3 |  3.8
Short Blades   | 1 2 3 |  3.8
Long Blades    | 1 2 3 |  3.8
Axes           | 1 2 3 |  3.8
Maces & Flails | 1 2 3 |  3.8
Polearms       | 1 2 3 |  3.8
Staves         | 1 2 3 |  3.8
Slings         | 1 2 3 |  3.8
Bows           | 1 2 3 |  3.8
Crossbows      | 1 2 3 |  3.8
Throwing       | 1 2 3 |  3.8
Armour         | 1 2 3 |  3.8
Shields        | 1 2 3 |  3.8
Unarmed Combat | 1 2 3 |  3.8
Evocations     | 1 2 3 |  3.8
Hexes          | 1 2 3 |  3.1
Summonings     | 1 2 3 |  3.1
Necromancy     | 1 2 3 |  3.1
Translocations | 1 2 3 |  3.1
Transmutations | 1 2 3 |  3.1
Fire Magic     | 1 2 3 |  3.1
Ice Magic      | 1 2 3 |  3.1
Air Magic      | 1 2 3 |  3.1
Earth Magic    | 1 2 3 |  3.1
Poison Magic   | 1 2 3 |  3.1
Dodging        | 5 6 |  6.0
Stealth        | 5 |  5.7
Conjurations   | |  7.8

Action                   |  1- 3 |  4- 6 |  7- 9 || total
-------------------------+-------+-------+-------++-------
Melee: Great sword       |       |    43 |       ||    43
       Bite              |       |     4 |    13 ||    17
       Dagger            |       |     9 |    36 ||    45
       Punch             |       |       |     2 ||     2
       Dire flail        |       |       |    36 ||    36
 Cast: Magic Dart        |    73 |    52 |    54 ||   179
       Searing Ray       |       |    17 |    32 ||    49
Evoke: Wand              |       |       |     5 ||     5
  Use: Scroll            |     1 |    11 |     4 ||    16
       Potion            |       |       |     1 ||     1
 Stab: Sleeping          |       |     2 |     2 ||     4
Armor: Robe              |     2 |    11 |       ||    13
       Leather armour    |       |     9 |    27 ||    36
Dodge: Dodged            |    14 |    42 |    75 ||   131
